 Dungeon Crawl Stone Soup version 0.16-a0-4099-g0be755f (webtiles) character file.

10031 McCoppin the Grappler (level 11, -6/113 HPs)
             Began as a Troll Monk on Feb 25, 2015.
             Mangled by a yak (13 damage)
             ... on level 10 of the Dungeon.
             The game lasted 00:42:23 (7913 turns).

McCoppin the Grappler (Troll Monk)                  Turns: 7913, Time: 00:42:23

Health: -6/113     AC:  8    Str: 24    XL:     11   Next: 30%
Magic:  3/3        EV: 15    Int:  6    God:
Gold:   246        SH:  0    Dex: 17    Spells: 1 memorised, 8 levels left

rFire  . . .     SeeInvis .       - Unarmed
rCold  . . .     Clarity  +     U - +2 robe {MR+}
rNeg   . . .     SustAb   .     (shield restricted)
rPois  +         Gourm    +     (helmet restricted)
rElec  .         Spirit   .     g - +0 cloak
rCorr  .         Warding  .     (gloves unavailable)
rMut   .         Stasis   .     (boots unavailable)
MR     +....                    (no amulet)
Stlth  ++........               j - ring of poison resistance
                                f - +3 ring of strength

@: very slightly contaminated, somewhat resistant to hostile enchantments,
unstealthy
A: unfitting armour, claws 3, agile 1, clarity, fast metabolism 3, gourmand, low
mp 1, regeneration 2, shaggy fur 1, tough skin 2
a: no special abilities


You were on level 10 of the Dungeon.
You were not hungry.

You visited 1 branch of the dungeon, and saw 10 of its levels.
You also visited: Sewer.

You collected 498 gold pieces.
You spent 252 gold pieces at shops.

Inventory:

Armour
 a - a +0 robe
 g - a +0 cloak (worn)
 v - a -2 cloak
 U - a +2 robe of magic resistance (worn)
Jewellery
 f - a +3 ring of strength (left claw)
 i - an uncursed ring of loudness
 j - a ring of poison resistance (right claw)
 y - an uncursed ring of protection from cold
Magical devices
 c - a wand of magic darts (13)
 C - a wand of digging (7)
 E - a wand of polymorph (8)
 G - a wand of paralysis (11)
 K - a wand of digging (15)
 N - a wand of magic darts (23)
Scrolls
 e - 6 scrolls of teleportation
 l - 3 scrolls of magic mapping
 x - 4 scrolls of enchant armour {unknown}
 J - 3 scrolls of amnesia
 T - 3 scrolls of recharging
Potions
 d - a potion of might
 h - 5 potions of restore abilities
 n - 3 potions of haste {unknown}
 p - 2 potions of degeneration {unknown}
 r - a potion of magic
 t - 2 potions of brilliance {unknown}
 u - a potion of cancellation
 w - 5 potions of curing
 z - 2 potions of resistance
 A - a potion of lignification {unknown}
 B - 3 potions of flight {unknown}
 D - 2 potions of mutation
 I - 2 potions of poison {unknown}
 O - a potion of ambrosia {unknown}
Books
 o - a book of Spatial Translocations

   Spells                             Type                      Level
   a - Apportation                    Translocation                1
   b - Blink                          Translocation                2
   c - Shroud of Golubria             Charms/Translocation         2
   d - Portal Projectile              Translocation                3
   e - Teleport Other                 Translocation                3
   f - Passage of Golubria            Translocation                4
 Q - a book of the Earth

   Spells                             Type                      Level
   a - Leda's Liquefaction            Hexes/Earth                  4
   b - Bolt of Magma                  Conjuration/Fire/Earth       5
   c - Statue Form                    Transmutation/Earth          6
   d - Iron Shot                      Conjuration/Earth            6
   e - Shatter                        Earth                        9
Comestibles
 b - 3 meat rations
 k - 5 chunks of flesh
 q - 5 bread rations
 F - a beef jerky
 H - 28 fruits


   Skills:
 + Level 8.4 Fighting
 + Level 8.4 Dodging
 - Level 1.1 Stealth
 - Level 12.3 Unarmed Combat


You had 8 spell levels left.
You knew the following spells:

 Your Spells              Type           Power        Failure   Level  Hunger
a - Blink                 Tloc           N/A          77%         2    ###....


Dungeon Overview and Level Annotations

Branches:
Dungeon (10/15)            Temple (0/1) D:5             Orc (0/4) D:10
   Lair: D:8-11

Altars:
Ashenzari
Gozag
Kikubaaqudgha
Nemelex Xobeh
Sif Muna
Vehumet
Beogh

Shops:
D:5 !   D:7 [


Innate Abilities, Weirdness & Mutations

You are too large for most types of armour.
You have claws for hands.
Your metabolism is lightning-fast.
You like to eat raw meat.
You heal very quickly.
You are covered in fur (AC +1).
You have very tough skin (AC +2).
You are agile. (Dex +2)
You possess an exceptional clarity of mind.
Your magical capacity is low (-10% MP).


Message History

The centaur misses you. The yak gores you!
* * * LOW HITPOINT WARNING * * *
The centaur barely misses you. The yak gores you but does no damage.
You barely miss the centaur. You claw the centaur!
The centaur is almost dead.
The centaur closely misses you. The yak barely misses you.
Read which item? (? for menu, Esc to quit)
Okay, then.
Drink which item? (? for menu, Esc to quit)
Okay, then.
You barely miss the centaur.
The centaur is almost dead.
The yak gores you.
* * * LOW HITPOINT WARNING * * *
The centaur hits you!
* * * LOW HITPOINT WARNING * * *
You scratch the centaur.
You kill the centaur!
The yak gores you!
You die...

#.....#.#
###+#...Y....
#.....#.#
#........Y....
##.....#.#
#...!.........
#......#.#
#............
#...##.#.#
#........#
#...##...#
#......†)#
#...###..#
#....†...# #...#
#..# #...r....#
#...# ##>#
#.Y@.%...# )...#
#§# #.Y).....#
#####
#.#####†#......#
#
#....†..#....(.#
#
#########......#
# #......# #
######## #


You could see 2 yaks and a rat.

Vanquished Creatures
  Erolcha (D:9)
  A hill giant (D:10)
  Pikel (D:6)
  An orc knight (D:10)
  Joseph (D:7)
  2 komodo dragons (D:10)
  Grinder (D:3)
  A trapdoor spider zombie (D:9)
  13 yaks
  A deep elf mage (D:9)
  A hippogriff (D:8)
  2 porcupines (D:10)
  A slave (D:6)
  2 ice beasts
  2 sky beasts
  A necrophage (D:9)
  6 ogres
  A wasp (D:8)
  5 orc warriors (D:10)
  4 centaurs
  2 big kobolds
  Sigmund (D:3)
  A crocodile (D:10)
  6 giant frogs
  3 scorpions
  4 jellies
  3 killer bees (D:7)
  2 centaur zombies
  2 crimson imps
  6 hounds
  A goliath beetle (D:6)
  A giant frog zombie (D:10)
  9 orc wizards
  5 orc priests
  A giant frog skeleton (D:5)
  6 iguanas
  8 worker ants
  4 river rats
  15 adders
  6 gnolls (D:9)
  6 shadow imps
  5 worms
  9 giant geckos
  An ooze (D:5)
  54 orcs
  A ball python (D:2)
  2 bat zombies (D:7)
  6 giant cockroaches
  13 goblins
  19 hobgoblins
  7 jackals
  17 kobolds
  5 quokkas
  17 bats
  3 giant newts
  A giant spore (D:7)
  23 rats
  3 ballistomycetes
326 creatures vanquished.

Vanquished Creatures (others)
  A scorpion (D:8)
  A giant spore (D:8)
  A rat (D:6)
  A bush (D:10)
  6 plants (D:10)
10 creatures vanquished.

Grand Total: 336 creatures vanquished

Notes
Turn   | Place    | Note
--------------------------------------------------------------
     0 | D:1      | McCoppin, the Troll Monk, began the quest for the Orb.
     0 | D:1      | Reached XP level 1. HP: 22/22 MP: 1/1
   279 | D:1      | Reached XP level 2. HP: 26/29 MP: 1/1
   739 | D:2      | Reached XP level 3. HP: 27/36 MP: 2/2
   776 | D:2      | Reached skill level 5 in Unarmed Combat
  1245 | D:3      | Noticed Sigmund
  1264 | D:3      | Killed Sigmund
  1264 | D:3      | Reached skill level 6 in Unarmed Combat
  1264 | D:3      | Reached XP level 4. HP: 19/44 MP: 2/2
  1265 | D:3      | Reached XP level 5. HP: 21/50 MP: 2/2
  1375 | D:3      | Noticed Grinder
  1383 | D:3      | Paralysed by Grinder for 2 turns
  1399 | D:3      | Paralysed by Grinder for 5 turns
  1409 | D:3      | Killed Grinder
  1409 | D:3      | Reached skill level 7 in Unarmed Combat
  1409 | D:3      | Reached XP level 6. HP: 16/59 MP: 3/3
  1617 | D:3      | Found a sparkling altar of Nemelex Xobeh.
  1794 | D:3      | Reached skill level 8 in Unarmed Combat
  1797 | D:3      | Gained mutation: Your magical capacity is low (-10% MP). [potion of mutation]
  1797 | D:3      | Gained mutation: You possess an exceptional clarity of mind. [potion of mutation]
  1797 | D:3      | Gained mutation: You are agile. (Dex +2) [potion of mutation]
  1892 | D:3      | Found a radiant altar of Vehumet.
  1959 | D:4      | Found a deep blue altar of Sif Muna.
  2013 | D:4      | Reached XP level 7. HP: 51/66 MP: 2/2
  2139 | D:4      | Found an opulent altar of Gozag.
  2228 | D:4      | Reached skill level 9 in Unarmed Combat
  2282 | D:4      | Found an ancient bone altar of Kikubaaqudgha.
  2622 | D:5      | Entered Level 5 of the Dungeon
  2661 | D:5      | Found Laurajoy's Distillery.
  2667 | D:5      | Bought a potion of heal wounds for 70 gold pieces
  2667 | D:5      | Bought a potion of heal wounds for 70 gold pieces
  2667 | D:5      | Bought 2 potions of might for 112 gold pieces
  2786 | D:5      | Found a staircase to the Ecumenical Temple.
  2928 | D:5      | Reached skill level 10 in Unarmed Combat
  2947 | D:5      | Found an opulent altar of Gozag.
  2960 | D:5      | Reached XP level 8. HP: 74/74 MP: 2/2
  3855 | D:6      | Noticed Pikel
  3863 | D:6      | Killed Pikel
  3863 | D:6      | Reached skill level 11 in Unarmed Combat
  4042 | D:6      | Reached XP level 9. HP: 82/84 MP: 3/3
  4094 | D:6      | Found a glowing drain.
  4098 | Sewer    | Entered a sewer
  4193 | Sewer    | Found a white marble altar of Elyvilon.
  4762 | D:7      | Found Buaxutt's Antique Armour Shoppe.
  4766 | D:7      | Learned a level 2 spell: Blink
  4788 | D:7      | Noticed Joseph
  4811 | D:7      | Killed Joseph
  5237 | D:7      | Found a shattered altar of Ashenzari.
  5390 | D:8      | Reached skill level 12 in Unarmed Combat
  5457 | D:8      | Found Ijaelaj's Elemental Accessories.
  5500 | D:8      | Reached skill level 5 in Dodging
  5595 | D:8      | Reached skill level 5 in Fighting
  5990 | D:9      | Reached XP level 10. HP: 96/96 MP: 3/3
  6596 | D:9      | Noticed Erolcha
  6609 | D:9      | Killed Erolcha
  6912 | D:10     | Entered Level 10 of the Dungeon
  6912 | D:10     | Noticed a hill giant
  7453 | D:10     | Noticed an orc knight
  7460 | D:10     | Killed an orc knight
  7490 | D:10     | Found a roughly hewn altar of Beogh.
  7492 | D:10     | Found a staircase to the Orcish Mines.
  7645 | D:10     | Reached XP level 11. HP: 107/110 MP: 3/3
  7651 | D:10     | Killed a hill giant
  7913 | D:10     | Mangled by a yak

Action                   |  1- 3 |  4- 6 |  7- 9 | 10-12 || total
-------------------------+-------+-------+-------+-------++-------
Melee: Unarmed           |    91 |    80 |   375 |   281 ||   827
Evoke: Wand              |       |       |     4 |       ||     4
  Use: Scroll            |     5 |     4 |     4 |     6 ||    19
       Potion            |       |     3 |     2 |    10 ||    15
 Stab: Sleeping          |       |     1 |     5 |       ||     6
       Distracted        |       |       |     1 |       ||     1
  Eat: Chunk             |     7 |    14 |    21 |    20 ||    62
       Royal jelly       |     1 |       |       |       ||     1
       Meat ration       |       |       |     2 |       ||     2
